 Dungeon Crawl Stone Soup version 0.31.0-9-g3a7656b989 (console) character file.

Game seed: 921038938670219319

1032 AlterAsc the Grappler (level 8, -4/48 HPs)
             Began as an Octopode Shapeshifter on Jan 26, 2024.
             Slain by an ice beast (12 damage)
             ... on level 6 of the Dungeon.
             The game lasted 00:11:35 (4222 turns).

AlterAsc the Grappler (Octopode Shapeshifter)       Turns: 4222, Time: 00:11:36

Health: -4/48      AC:  1    Str: 21 (22) XL:     8   Next: 23%
Magic:  8/8        EV: 13    Int:  9 (12) God:
Gold:   269        SH:  4    Dex: 14 (17) Spells: 7/7 levels left

rFire   . .          .
                       - Unarmed
rCold   . . .        B - +0 buckler
rNeg    . . .        (helmet currently unavailable)
rPois   .            A - amulet of regeneration
rElec   .            r - +6 ring of strength
rCorr   .            w - +6 ring of dexterity
SInv    .            (no ring)
Will    .....        (no ring)
Stlth   ++           (no ring)
HPRegen 1.08/turn    (no ring)
MPRegen 0.11/turn    (no ring)
                     (no ring)

%: no passive effects
@: brilliant, beast-form, attractive, studying Ice Magic
A: beast (slay +2), almost no armour, amphibious, 8 rings, camouflage 1,
gelatinous body 1, (nimble swimmer 1), tentacles
a: Begin Untransformation


You were on level 6 of the Dungeon.
You were a hulking beast.
You visited 2 branches of the dungeon, and saw 7 of its levels.

You collected 269 gold pieces.

Inventory:

Missiles
 f - 4 poisoned darts (quivered)
 j - 64 stones
 C - a throwing net
Armour
 B - a +0 buckler (worn)
Jewellery
 n - an amulet of guardian spirit
 r - a +6 ring of strength (left tentacle)
 w - a +6 ring of dexterity (right tentacle)
 A - an amulet of regeneration (around mantle)
 I - a ring of positive energy
 J - a ring of ice
Talismans
 b - a beast talisman
 c - a flux talisman
Wands
 t - a wand of charming (16)
 D - a wand of light (5)
Scrolls
 d - 2 scrolls of amnesia {unknown}
 g - 2 scrolls of revelation {unknown}
 h - 5 scrolls of identify {unknown}
 i - a scroll of enchant armour {unknown}
 l - a scroll of acquirement {unknown}
 o - a scroll of enchant weapon {unknown}
 p - a scroll of vulnerability {unknown}
 q - 3 scrolls of teleportation {unknown}
 u - a scroll of silence {unknown}
 v - a scroll of poison {unknown}
 y - a scroll of blinking {unknown}
 z - 3 scrolls of fog {unknown}
 F - a scroll of noise {unknown}
 K - a scroll of brand weapon {unknown}
Potions
 a - a potion of lignification
 e - a potion of cancellation {unknown}
 k - a potion of ambrosia {unknown}
 m - 2 potions of degeneration
 s - a potion of invisibility {unknown}
 x - a potion of brilliance
 E - 3 potions of attraction
 G - a potion of berserk rage {unknown}
 H - a potion of resistance {unknown}


   Skills:
 - Level 1.0 Fighting
 - Level 2.0 Dodging
 - Level 9.0 Unarmed Combat
 + Level 4.8 Shapeshifting


You had 7 spell levels left.
You didn't know any spells.
Your spell library contained the following spells:

 Spells                   Type           Power      Damage    Failure   Level
 Lesser Beckoning         Tloc           0%         N/A       61%         2
 Gell's Gravitas          Tloc           0%         N/A       83%         3
 Teleport Other           Tloc           0%         N/A       83%         3


Dungeon Overview and Level Annotations

Branches:
Dungeon (6/15)             Temple (1/1) D:5

Altars:
Cheibriados
Dithmenos
Elyvilon
Fedhas
Hepliaklqana
Kikubaaqudgha
Makhleb
Nemelex Xobeh
Okawaru
Qazlal
Sif Muna
Trog
Uskayaw
Vehumet
Wu Jian
Xom
Yredelemnul

Shops:
D:5 :=[

Annotations:
D:3 2 runed translucent doors, qwarkbark's ghost, amateur DsRe


Innate Abilities, Weirdness & Mutations

You are a hulking beast.
Your limbs bulge with bestial killing power. (Slay +2)
You cannot wear most types of armour.
You are amphibious.
You can wear up to eight rings at the same time.
Your skin changes colour to match your surroundings (Stealth+).
Your rubbery body absorbs attacks. (AC +1, EV +1)
((You are camouflaged when in or above water. (Stealth+)))
You have tentacles for arms and can constrict up to eight enemies at once.


Message History

You tentacle-slap the ice beast but do no damage.
The ice beast is severely wounded.
The ice beast hits you. The ice beast freezes you!
* * * LOW HITPOINT WARNING * * *
You tentacle-slap the ice beast.
The ice beast is almost dead.
The ice beast hits you.
* * * LOW HITPOINT WARNING * * *
The ice beast freezes you!
* * * LOW HITPOINT WARNING * * *
It was a potion of attraction.
You feel attractive to monsters. The ice beast closely misses you.
Press: ? - help, v - describe, . - travel The floor, spattered with blood.
Okay, then.
Okay, then.
Press: ? - help, v - describe, . - travel
Here: an ice beast (almost dead)
The floor.
It was a potion of degeneration.
There was something very wrong with that liquid.
You feel weakened.
You feel dopey.
You feel clumsy. You block the ice beast's attack.
It was a potion of brilliance.
You feel clever all of a sudden. The ice beast closely misses you.
Okay, then.
Press: ? - help, v - describe, . - travel
Here: an ice beast (almost dead)
The floor.
You barely miss the ice beast.
The ice beast is almost dead.
The ice beast misses you.
You closely miss the ice beast.
The ice beast is almost dead.
The ice beast hits you.
* * * LOW HITPOINT WARNING * * *
The ice beast freezes you!
You die...

#..... #.... #....
#.... #...# P.
#../####(##
P..##....$((...
P.......# #.#
.......Y# #.#
##.####h####.#
##....#.####
#...........
#.....#.###########
#..................
###.....###########
#.....# ## #.....#
.## ####..# ..##
... #..#
#..###+##.# _...
#..#


You could see an ice beast.

Vanquished Creatures
  A water moccasin (D:5)
  An ogre (D:4)
  A bullfrog (D:6)
  2 scorpions
  A howler monkey (D:4)
  3 hounds
  2 orc priests (D:5)
  A bombardier beetle (D:6)
  A gnoll bouda (D:5)
  4 iguanas
  Ijyb (D:5)
  3 orc wizards
  4 gnolls (D:5)
  6 adders
  A dart slug (D:3)
  2 ribbon worms (D:4)
  21 orcs
  7 ball pythons
  5 bats
  9 endoplasms
  A giant cockroach (D:2)
  12 goblins
  5 hobgoblins
  A jackal (D:4)
  5 quokkas
  4 frilled lizards
  5 kobolds
  4 rats
113 creatures vanquished.

Notes
Turn   | Place    | Note
-------+----------+-------------------------------------------
     0 | D:1      | AlterAsc the Octopode Shapeshifter began the quest for the
                  | Orb.
     0 | D:1      | Reached XP level 1. HP: 13/13 MP: 1/1
   149 | D:1      | Reached XP level 2. HP: 18/18 MP: 2/2
   161 | D:1      | Found a faded altar of an unknown god.
   893 | D:2      | Reached skill level 4 in Unarmed Combat
   893 | D:2      | Reached XP level 3. HP: 18/23 MP: 3/3
  1187 | D:2      | Reached XP level 4. HP: 26/28 MP: 4/4
  1471 | D:3      | Found a large runed translucent door.
  1472 | D:3      | Found a large runed translucent door.
  1473 | D:3      | Noticed qwarkbark's ghost (amateur DsRe)
  1492 | D:3      | Reached skill level 5 in Unarmed Combat
  1860 | D:3      | You fall into a shaft and drop 1 floor!
  1897 | D:4      | Reached XP level 5. HP: 21/33 MP: 5/5
  2398 | D:3      | Found a blossoming altar of Fedhas.
  2520 | D:4      | Reached skill level 6 in Unarmed Combat
  2674 | D:4      | Reached XP level 6. HP: 38/38 MP: 6/6
  2948 | D:4      | Found a snail-covered altar of Cheibriados.
  3073 | D:4      | Found a shimmering blue altar of Sif Muna.
  3135 | D:5      | Entered Level 5 of the Dungeon
  3137 | D:5      | Found a staircase to the Ecumenical Temple.
  3147 | Temple   | Entered the Ecumenical Temple
  3222 | D:5      | Noticed a water moccasin
  3230 | D:5      | Killed a water moccasin
  3231 | D:5      | Reached skill level 7 in Unarmed Combat
  3288 | D:5      | Reached XP level 7. HP: 38/43 MP: 7/7
  3363 | D:5      | Reached skill level 8 in Unarmed Combat
  3363 | D:5      | Noticed Ijyb
  3372 | D:5      | Killed Ijyb
  3542 | D:5      | Found Ossabreu's Book Emporium.
  3558 | D:5      | Found Wannot's Jewellery Emporium.
  3560 | D:5      | Found Ekkid's Antique Armour Emporium.
  3580 | D:5      | Reached skill level 9 in Unarmed Combat
  3835 | D:4      | Reached XP level 8. HP: 48/48 MP: 8/8
  4054 | D:6      | Found a shimmering altar of Xom.
  4100 | D:6      | Found a shadowy altar of Dithmenos.
  4215 | D:6      | HP: 2/48 [ice beast (11)]
  4222 | D:6      | Slain by an ice beast

Illustrated notes

Levels and vault maps discovered:
D:1:      amcnicky_arrival_feature_with_door, layout_basic,
          shapermc_ecumenical_altar_totnotflames, corexii_corridor_pit,
          minivault_4
D:2:      layout_rooms, nicolae_elevator_lobby_plus
D:3:      layout_loops_ring, fedhas_altar_fruit_tree, serial_rivers,
          chequers_serial_rivers_micro_c, chequers_serial_rivers_marsh,
          chequers_serial_rivers_micro_d, chequers_serial_rivers_large_a,
          chequers_serial_rivers_micro_e, ebering_ghost_disaster_area
D:4:      layout_cave_pools, slow_altar_2, hellmonk_sif_muna_bookshelves,
          minmay_manual_mail
D:5:      layout_rooms, minmay_temple_entry_crystal_x,
          nicolae_shop_distant_corner_stores, uniq_ijyb
D:6:      layout_basic, mainiacjoe_overflow_concentric_impassable,
          mainiacjoe_overflow_chevrons, mainiacjoe_overflow_tiny_flanked,
          mainiacjoe_sewer_entry_somewhere_in_here_1
Temple:   nicolae_temple_ecumenical_triangle

Skill      XL: |  1  2  3  4  5  6  7  8 |
---------------+-------------------------+-----
Unarmed Combat | 4 5 6 7 9 |  9.0
Shapeshifting  | 4 |  4.8
Fighting       | |  1.0
Dodging        | |  2.0

Action                     |  1- 3 |  4- 6 |  7- 9 || total
---------------------------+-------+-------+-------++-------
  Melee: Unarmed           |    55 |    96 |    65 ||   216
         Constrict         |    10 |    22 |    17 ||    49
         Tentacles         |     8 |    16 |    12 ||    36
         Punch             |     1 |     5 |     3 ||     9
  Throw: Dart              |       |    13 |    11 ||    24
    Use: Potion            |       |     1 |     5 ||     6
   Stab: Sleeping          |     9 |     4 |     2 ||    15
         Distracted        |       |       |     2 ||     2
 Armour: Skin              |    20 |    52 |    33 ||   105
  Dodge: Dodged            |    22 |    57 |    23 ||   102
  Block: Buckler           |       |     4 |     4 ||     8
